 Dungeon Crawl Stone Soup version 0.18.1-2-ga659475 (webtiles) character file.

3066 Ingvold the Cleaver (level 9, 0/82 HPs)
             Began as a Hill Orc Fighter on May 6, 2016.
             Was a Follower of Okawaru.
             Slain by a komodo dragon (11 damage)
             ... on level 8 of the Dungeon on May 8, 2016.
             The game lasted 00:48:11 (7625 turns).

Ingvold the Cleaver (Hill Orc Fighter)              Turns: 7625, Time: 00:48:11

Health: 0/82       AC: 19    Str: 22    XL:     9   Next: 88%
Magic:  9/11       EV: 10    Int: 11    God:    Okawaru [*.....]
Gold:   288        SH: 13    Dex: 10    Spells: 0 memorised, 8 levels left

rFire  + . .     SeeInvis .     a - +0 war axe
rCold  x . .     Gourm    .     k - +0 chain mail
rNeg   + + +     Faith    .     c - +0 shield
rPois  +         Spirit   .     (no helmet)
rElec  .         Dismiss  .     C - +2 cloak of the Forgotten Tales {*Drain rPois rN+++ Int+3}
rCorr  .         Reflect  .     d - +0 pair of gloves (curse)
SustAt .         Harm     .     s - +0 pair of boots
MR     +....                    (no amulet)
Stlth  ..........               j - ring of protection from magic
                                z - ring "Faaremix" {Fire +Inv}

@: heroism, somewhat resistant to hostile enchantments, extremely unstealthy
A: no striking features
a: Heroism, Renounce Religion, Evoke Invisibility


You were on level 8 of the Dungeon.
You worshipped Okawaru.
Okawaru was aware of your devotion.
You were not hungry.

You visited 2 branches of the dungeon, and saw 9 of its levels.
You also visited: Bailey.

You collected 288 gold pieces.

Inventory:

Hand Weapons
 a - a +0 war axe (weapon)
Armour
 c - a +0 shield (worn)
 d - a cursed +0 pair of gloves (worn)
 k - a +0 chain mail (worn)
 s - a +0 pair of boots (worn)
 C - the +2 cloak of the Forgotten Tales (worn) {*Drain rPois rN+++ Int+3}
   (You found it on level 5 of the Dungeon)

   It affects your intelligence (+3).
   It protects you from poison.
   It renders you almost immune to negative energy.
   It causes draining when unequipped.
Jewellery
 j - a ring of protection from magic (right hand)
 t - a cursed ring of teleportation {unknown}
 y - an uncursed ring of poison resistance
 z - the ring "Faaremix" (left hand) {Fire +Inv}
   (You found it on level 4 of the Dungeon)

   [ring of fire]

   It enhances your fire magic, and weakens your ice magic.
   It protects you from fire.
   It makes you vulnerable to cold.
   It lets you turn invisible.
 D - an uncursed ring of flight
Wands
 q - a wand of disintegration (0/24)
Scrolls
 e - a scroll of recharging
 g - a scroll of blinking {unknown}
 h - 4 scrolls of identify
 l - 3 scrolls of fog
 m - a scroll of noise {unknown}
 o - a scroll of teleportation
 B - a scroll of enchant weapon {unknown}
Potions
 b - 2 potions of flight
 i - 2 potions of magic
 n - a potion of ambrosia {unknown}
 p - a potion of haste {unknown}
 r - a potion of might
 w - a potion of degeneration {unknown}
 x - a potion of agility {unknown}
 A - a potion of brilliance
Comestibles
 f - 5 bread rations
 v - 6 meat rations


   Skills:
 * Level 8.4(13.4) Fighting
 * Level 8.8(13.8) Axes
 * Level 7.8(12.8) Armour
 * Level 7.5(12.5) Shields
 + Level 1.8 Invocations
 + Level 3.8 Evocations


You had 8 spell levels left.
You didn't know any spells.

Dungeon Overview and Level Annotations

Branches:
Dungeon (8/15)             Temple (1/1) D:4
   Lair: D:8-11

Altars:
Ashenzari
Cheibriados
Dithmenos
Elyvilon
Fedhas
Gozag
Kikubaaqudgha
Makhleb
Nemelex Xobeh
Okawaru
Pakellas
Qazlal
Ru
Sif Muna
Trog
Vehumet
Xom
Yredelemnul
Zin
The Shining One

Shops:
D:5 [   D:6 *

Annotations:
D:8 Psyche


Message History

You barely miss the komodo dragon.
The komodo dragon is heavily wounded.
The komodo dragon bites you but does no damage.
You hit the komodo dragon but do no damage.
The komodo dragon is heavily wounded.
The komodo dragon bites you!
You slash the komodo dragon!
The komodo dragon is severely wounded.
The komodo dragon bites you!!
* * * LOW HITPOINT WARNING * * *
You slash the komodo dragon!
The komodo dragon is almost dead.
You block the komodo dragon's attack.
You hit the komodo dragon.
The komodo dragon is almost dead.
The komodo dragon closely misses you.
You hit the komodo dragon but do no damage.
The komodo dragon is almost dead.
The komodo dragon bites you!
You die...

###................##.#.####
###.##(....#...............#
#..######......###........#
#### ######## #### #..# #..#
#..# ## #†.# ####.# #..#
#l@.#######.##
#...###........# #..##
########## .


You could see a komodo dragon.

Vanquished Creatures
  Pikel (D:7)
  An orc knight (D:7)
  The ghost of Mulkerokala the Covered, an amateur DsGl of Fedhas (D:4)
  Sigmund (D:6)
  An orc warrior (D:7)
  An ice beast (D:7)
  A slave (D:7)
  A sky beast (D:5)
  2 centaurs
  2 giant frogs (D:6)
  A gnoll sergeant (D:8)
  A scorpion (D:6)
  5 wights (D:7)
  2 crimson imps
  A quasit (D:6)
  3 hounds
  A centaur skeleton (D:4)
  5 orc priests
  6 orc wizards
  3 giant frog skeletons (D:6)
  3 worker ants
  An iguana (D:6)
  2 hound zombies (D:6)
  A howler monkey skeleton (D:6)
  9 adders
  10 gnolls
  2 shadow imps
  An adder skeleton (D:4)
  2 worms
  5 dart slugs
  10 giant geckos
  23 orcs
  2 ball pythons (D:2)
  6 giant cockroaches
  17 goblins
  8 hobgoblins
  9 jackals
  9 quokkas
  11 bats
  2 giant gecko skeletons
  A giant gecko zombie (D:6)
  5 giant newts
  14 kobolds
  9 rats
202 creatures vanquished.

Vanquished Creatures (others)
  3 slaves (D:7)
3 creatures vanquished.

Grand Total: 205 creatures vanquished

Notes
Turn   | Place    | Note
--------------------------------------------------------------
     0 | D:1      | Ingvold the Hill Orc Fighter began the quest for the Orb.
     0 | D:1      | Reached XP level 1. HP: 19/19 MP: 1/1
   133 | D:1      | Reached XP level 2. HP: 24/27 MP: 2/2
   412 | D:1      | Reached XP level 3. HP: 30/33 MP: 3/3
  1114 | D:2      | Upgraded the game from 0.18.1-1-g2f07953 to 0.18.1-2-ga659475
  1179 | D:2      | Reached XP level 4. HP: 21/41 MP: 4/4
  1472 | D:2      | Found a bloodstained altar of Trog.
  1681 | D:2      | Reached XP level 5. HP: 46/47 MP: 5/5
  1748 | D:2      | Found a deep blue altar of Sif Muna.
  1868 | D:3      | Found a snail-covered altar of Cheibriados.
  2218 | D:3      | Reached skill level 5 in Fighting
  2354 | D:3      | Found a stormy altar of Qazlal.
  2561 | D:4      | Got a faintly glowing iron ring
  2563 | D:4      | Identified the ring "Faaremix" {Fire +Inv} (You found it on level 4 of the Dungeon)
  2588 | D:4      | Reached XP level 6. HP: 52/56 MP: 6/6
  2647 | D:4      | Noticed Mulkerokala's ghost (amateur DsGl)
  2695 | D:5      | Entered Level 5 of the Dungeon
  3028 | D:4      | Found a staircase to the Ecumenical Temple.
  3035 | Temple   | Entered the Ecumenical Temple
  3319 | D:4      | Killed Mulkerokala's ghost
  3319 | D:4      | Reached skill level 5 in Axes
  3319 | D:4      | Reached skill level 5 in Armour
  3319 | D:4      | Reached skill level 5 in Shields
  3319 | D:4      | Reached skill level 1 in Evocations
  3319 | D:4      | Reached XP level 7. HP: 58/62 MP: 7/7
  3392 | D:5      | Found an opulent altar of Gozag.
  3609 | D:5      | Got an ichor-stained cloak
  3615 | D:5      | Identified the +2 cloak of the Forgotten Tales {*Drain rPois rN+++ Int+3} (You found it on level 5 of the Dungeon)
  3620 | D:5      | Found Xaimaf's Antique Armour Shoppe.
  4669 | D:6      | Found a glowing golden altar of the Shining One.
  4683 | D:6      | Noticed Sigmund
  4696 | D:6      | Reached XP level 8. HP: 48/70 MP: 9/9
  4705 | D:6      | Killed Sigmund
  4766 | D:6      | Found Buamiust's Assorted Antiques.
  5150 | D:6      | Found an iron altar of Okawaru.
  5154 | D:6      | Became a worshipper of Warmaster Okawaru
  5358 | D:7      | Found a flagged portal.
  5378 | Bailey   | Entered a bailey
  5383 | Bailey   | Noticed an orc warlord
  5412 | Bailey   | Noticed an orc knight
  5480 | D:7      | HP: 1/71 [orc knight/war axe (18)]
  6220 | D:7      | Reached XP level 9. HP: 32/79 MP: 11/11
  6295 | D:7      | Noticed Pikel
  6307 | D:7      | Killed Pikel
  6581 | D:8      | Reached * piety under Okawaru
  6698 | D:7      | Killed an orc knight
  6698 | D:7      | Reached skill level 1 in Invocations
  7172 | D:7      | Found a white marble altar of Elyvilon.
  7365 | D:7      | Reached ** piety under Okawaru
  7590 | D:8      | Noticed Psyche
  7610 | D:8      | Noticed a komodo dragon
  7625 | D:8      | Slain by a komodo dragon

Skill      XL: |  1  2  3  4  5  6  7  8  9 |
---------------+----------------------------+-----
Axes           | 3 4 5 6 7 8 |  8.8
Fighting       | 4 5 6 7 8 |  8.4
Armour         | 4 5 6 7 |  7.8
Shields        | 4 5 6 7 |  7.5
Evocations     | 1 2 3 |  3.8
Invocations    | 1 |  1.8

Action                   |  1- 3 |  4- 6 |  7- 9 || total
-------------------------+-------+-------+-------++-------
Melee: War axe           |   132 |   238 |   459 ||   829
Invok: Heroism           |       |       |     3 ||     3
Evoke: Wand              |       |       |     3 ||     3
  Use: Scroll            |     1 |     7 |     6 ||    14
       Potion            |       |     1 |     9 ||    10
  Eat: Chunk             |     1 |     5 |    10 ||    16
       Beef jerky        |       |     1 |       ||     1
       Bread ration      |       |       |     1 ||     1
       Pizza             |       |       |     1 ||     1
Armor: Scale mail        |    18 |       |       ||    18
       Chain mail        |    46 |   151 |   309 ||   506
Dodge: Dodged            |    32 |    57 |   145 ||   234
Block: Shield            |    63 |   158 |   299 ||   520
